Map: Ultralove

Players

Olvigera

  • Race: Protoss Protoss
  • League: Master
  • Spawn Location: 1:00

ManlyManMeat - Winner!

  • Race: Terran Terran
  • League: Master
  • Spawn Location: 7:00

VOD

Have the link to the VOD?

Description

Time

  • Played on: May 17, 2025, 9:17 a.m.
  • Length: 9:54
Show
View Real Time Build Order
Export as new Build Order

Olvigera Protoss 

Build Orders:  

Get SALT Encoding   

  12  0:03  Probe  
  13  0:15  Probe  
  13  0:20  Pylon  
  14  0:28  Probe  
  15  0:40  Gateway  
  15  0:42  Probe  
  15  0:47  Assimilator  
  16  0:50  Probe  
  17  0:58  Probe  
  18  1:14  Probe  
  19  1:30  Cybernetics Core  
  19  1:35  Gateway  
  19  1:37  Probe  
  20  1:40  Assimilator  
  20  1:42  Pylon  
  20  1:52  Probe  
  21  2:04  Probe  
  21  2:08  Stalker  
  24  2:17  Twilight Council  
  24  2:21  Probe  
  24  2:22  Stalker  
  27  2:32  Warp Gate  
  27  2:36  Pylon  
  27  2:45  Probe  
  27  2:50  Stalker  
  28  2:51  Stalker  
  28  2:57  Probe  
  33  3:01  Pylon  
  33  3:09  Probe  
  34  3:16  Robotics Facility  
  34  3:25  Forge  
  34  3:28  Stalker  
  36  3:36  Shield Battery  
  36  3:45  Stalker  
  37  4:01  Photon Cannon  
  37  4:11  Photon Cannon  
  37  4:19  Observer  
  38  4:28  Nexus  
  38  4:36  Stalker  
  40  4:44  Charge  
  40  4:48  Observer  
  41  4:53  Probe  
  42  5:01  Stalker  
  42  5:02  Stalker  
  42  5:05  Probe  
  47  5:30  Pylon  
  47  5:32  Pylon  
  47  5:34  Pylon  
  47  5:40  Probe  
  48  5:53  Probe  
  48  5:56  Stalker x2  
  47  6:05  Probe  
  46  6:18  Probe  
  47  6:25  Blink  
  47  6:30  Probe  
  48  6:33  Protoss Ground Weapons Level 1  
  48  6:38  Sentry x2  
  52  6:40  Assimilator  
  52  6:41  Assimilator  
  52  6:42  Probe  
  52  6:43  Pylon  
  54  6:54  Stargate, Probe  
  54  7:09  Gateway x2  
  54  7:10  Pylon  
  54  7:11  Gateway x2  
  54  7:17  Shield Battery  
  54  7:21  Shield Battery  
  54  7:28  Stalker  
  54  7:29  Zealot  
  58  7:39  Oracle  
  61  8:06  Zealot x3  
  61  8:07  Zealot x3  
  61  8:10  Immortal  
  77  8:27  Photon Cannon  
  77  8:31  Stalker  
  77  8:32  Stalker  
  77  8:33  Zealot  
  83  8:34  Pylon  
  83  8:49  Zealot x2  
  83  8:50  Zealot  
  89  9:01  Zealot  
  89  9:02  Zealot x2  
  53  9:34  Zealot x3  
  53  9:35  Zealot x3  
Show
View Real Time Build Order
Export as new Build Order

ManlyManMeat Terran - Winner!

Build Orders:  

Get SALT Encoding   

  12  0:00  SCV  
  13  0:12  SCV  
  14  0:18  Supply Depot  
  14  0:24  SCV  
  15  0:39  SCV  
  15  0:41  Barracks  
  16  0:46  Refinery  
  16  0:51  SCV  
  17  1:03  SCV  
  18  1:16  SCV  
  19  1:28  SCV  
  20  1:39  Barracks Reactor  
  20  1:40  Orbital Command  
  20  1:45  Supply Depot  
  20  2:03  Command Center  
  20  2:07  SCV  
  21  2:17  Barracks  
  21  2:19  Barracks  
  21  2:27  Marine x2  
  23  2:38  SCV  
  24  2:50  Marine x2  
  24  2:51  SCV  
  27  2:57  Supply Depot  
  27  3:03  SCV  
  28  3:06  Barracks Tech Lab  
  28  3:07  Marine  
  28  3:08  Marine  
  28  3:09  Barracks Tech Lab  
  28  3:11  Factory  
  30  3:16  Orbital Command  
  30  3:20  SCV  
  30  3:25  Marine  
  30  3:26  Stimpack  
  32  3:35  Marine  
  33  3:42  Combat Shield  
  33  3:43  Marine  
  33  3:44  Marine x2  
  33  3:46  SCV x2  
  38  3:58  SCV  
  38  4:00  SCV  
  38  4:01  Refinery, Marine  
  38  4:02  Marine  
  42  4:04  Marauder  
  42  4:09  Factory Tech Lab  
  44  4:10  SCV  
  44  4:12  Marauder  
  47  4:19  Marine  
  47  4:20  Marine  
  47  4:24  SCV  
  50  4:27  SCV  
  51  4:35  Supply Depot x2  
  51  4:39  Refinery  
  51  4:41  Refinery  
  51  4:45  Engineering Bay  
  51  4:48  Engineering Bay  
  51  4:49  SCV x2  
  54  4:56  Siege Tank  
  56  5:01  SCV  
  56  5:04  Starport  
  57  5:10  Marine  
  57  5:11  Marine x2  
  57  5:13  Supply Depot  
  60  5:20  Terran Infantry Weapons Level 1  
  60  5:26  SCV x2  
  60  5:28  Marine  
  63  5:30  Supply Depot  
  63  5:32  Supply Depot  
  63  5:37  Marine x2  
  63  5:38  SCV x2, Marine  
  60  6:10  Siege Tank  
  63  6:12  Marauder x2  
  63  6:14  Marine x2  
  63  6:16  Starport Reactor  
  69  6:19  Terran Infantry Armor Level 1  
  69  6:21  SCV x2  
  71  6:31  Marine  
  72  6:33  SCV x2  
  74  6:44  Starport  
  74  6:46  Marine  
  75  6:48  Marauder x2  
  75  6:49  Command Center  
  75  6:50  Siege Tank  
  82  6:58  Marine  
  83  7:04  Medivac x2, Marine  
  88  7:09  Marauder  
  88  7:10  Marauder  
  88  7:13  Armory  
  92  7:16  Marine  
  92  7:22  Marine  
  94  7:24  Supply Depot  
  94  7:27  Siege Tank  
  94  7:28  Supply Depot  
  97  7:30  Marine x2  
  99  7:42  Marine x2  
  101  7:48  Marine x2  
  103  7:58  SCV x2  
  105  7:59  Marine  
  105  8:00  Marine  
  105  8:03  Orbital Command  
  107  8:08  Marauder  
  107  8:09  Marauder, Siege Tank  
  107  8:10  Medivac x2  
  118  8:17  Marine x2  
  120  8:20  SCV x2  
  122  8:32  SCV  
  122  8:33  Supply Depot x2  
  123  8:57  Marine x4  
  123  8:59  Siege Tank  
  123  9:00  Medivac x2  
  134  9:15  Marauder x2  
Tags
 
Matchup
PvT
Spawn Locations
Cross Positions
Add a new tag
Caveats
  • Supply blocks, unpowered buildings, or Contaminate may cause inaccurate times.
  • Supply counts are checked every 10 seconds.